 Dungeon Crawl Stone Soup version 0.23.2-1-ga50397a (webtiles) character file.

Game seed: 11353844736454076453

67 ohad the Slasher (level 4, -4/35 HPs)
             Began as a Formicid Fighter on May 21, 2019.
             Slain by Natasha (6 damage)
             ... on level 2 of the Dungeon.
             The game lasted 00:04:39 (1339 turns).

ohad the Slasher (Formicid Fighter)                 Turns: 1339, Time: 00:04:39

Health: -4/35      AC:  6    Str: 20    XL:     4   Next: 40%
Magic:  4/4        EV:  9    Int:  9    God:
Gold:   102        SH:  4    Dex: 10    Spells: 3/3 levels left

rFire    . . .     SeeInvis +   a - +0 long sword
rCold    . . .     Gourm    .   j - +0 buckler
rNeg     . . .     Faith    .   b - +0 scale mail
rPois    .         Spirit   .   (helmet unavailable)
rElec    .         Reflect  .   (no cloak)
rCorr    .         Harm     .   (no gloves)
MR       .....                  (no boots)
Stlth    ..........             (no amulet)
HPRegen  0.11/turn              (no ring)
MPRegen  0.09/turn              (no ring)

@: no status effects
A: permanent stasis, dig shafts and tunnels, four strong arms, antennae 3
a: Dig, Shaft Self


You were on level 2 of the Dungeon.
You were hungry.

You visited 1 branch of the dungeon, and saw 2 of its levels.

You collected 102 gold pieces.

Inventory:

Hand Weapons
 a - a +0 long sword (weapon)
 e - a +2 hand axe of chopping
Armour
 b - a +0 scale mail (worn)
 c - a +0 shield
 j - a +0 buckler (worn)
Scrolls
 h - a scroll of noise {unknown}
 i - 5 scrolls of identify {unknown}
 k - a scroll of enchant weapon {unknown}
 l - 2 scrolls of blinking {unknown}
 n - a scroll of magic mapping {unknown}
 o - 3 scrolls of amnesia {unknown}
 q - a scroll of immolation {unknown}
Potions
 d - 2 potions of might
 m - 2 potions of curing {unknown}
 p - a potion of haste {unknown}
 r - 2 potions of agility {unknown}
Comestibles
 f - 7 rations
 g - 2 chunks of flesh


   Skills:
 - Level 3.2 Fighting
 + Level 4.3 Long Blades
 - Level 3.2 Armour
 - Level 3.6 Shields


You had 3 spell levels left.
You didn't know any spells.
Your spell library was empty.

Dungeon Overview and Level Annotations

Branches:
Dungeon (2/15)

Altars:

Annotations:
D:2 Natasha


Innate Abilities, Weirdness & Mutations

You cannot be hasted, slowed, berserked, paralysed or teleported.
You can dig through walls and to a lower floor.
Your four strong arms can wield two-handed weapons with a shield.
You have a pair of large antennae on your head. (SInv)


Message History

Natasha claws you.
You hit Natasha.
Natasha is moderately wounded.
Natasha claws you.
Some of the chunks of flesh in your inventory have rotted away.
You barely miss Natasha.
Natasha is moderately wounded.
Natasha claws you.
* * * LOW HITPOINT WARNING * * *
You closely miss Natasha.
Natasha is moderately wounded.
Natasha claws you.
* * * LOW HITPOINT WARNING * * *
You slash Natasha!
Natasha is almost dead.
You block Natasha's attack.
You closely miss Natasha.
Natasha is almost dead.
Natasha claws you.
You die...

...# ..##.. #.##
#.#.....###.# ...#
##.#..###.#...#..#..#
..##
#...........###...## #.#
####)...##.## #.(##
..... #####...#..##.#
###..# #..##
#.....#....##.###...(###
##..#
#..)....#...#.##..##....
#.#
#......#.#...##..#####).
.# ....##@###..##.## #..
#####h## #.....######.#
.........#
###..###......
.......5(# #..###......
...$.....# ##..##......
.........# ##.......##
.........# ####...##
........># #...#
########## #####


You could see Natasha and a white imp.

Vanquished Creatures
  3 adders (D:2)
  2 worms (D:2)
  3 bats
  A giant cockroach (D:2)
  4 hobgoblins
  2 jackals (D:2)
  2 quokkas (D:2)
  2 ball pythons
  2 frilled lizards (D:2)
  6 goblins
  5 kobolds
  4 rats
36 creatures vanquished.

Notes
Turn   | Place    | Note
-------+----------+-------------------------------------------
     0 | D:1      | ohad the Formicid Fighter began the quest for the Orb.
     0 | D:1      | Reached XP level 1. HP: 18/18 MP: 1/1
   269 | D:1      | Reached XP level 2. HP: 23/24 MP: 2/2
   647 | D:2      | Reached skill level 3 in Long Blades
   647 | D:2      | Reached XP level 3. HP: 15/29 MP: 3/3
  1151 | D:2      | Found a faded altar of an unknown god.
  1250 | D:2      | Reached skill level 4 in Long Blades
  1250 | D:2      | Reached XP level 4. HP: 29/35 MP: 4/4
  1311 | D:2      | Noticed Natasha
  1339 | D:2      | Slain by Natasha

Skill      XL: |  1  2  3 |
---------------+----------+-----
Long Blades    | 3 4 |  4.3
Fighting       | |  3.2
Armour         | |  3.2
Shields        | |  3.6

Action                   |  1- 3 |  4- 6 || total
-------------------------+-------+-------++-------
Melee: Long sword        |   107 |    34 ||   141
 Abil: Dig               |       |     1 ||     1
  Eat: Chunk             |     1 |       ||     1
Armor: Scale mail        |    66 |     5 ||    71
Dodge: Dodged            |    56 |    15 ||    71
Block: Shield            |    11 |       ||    11
       Buckler           |    34 |     6 ||    40
       Rpst.: Long sword |    12 |     4 ||    16
